[Event "FIDE Grand Swiss 2023"]
[Site "Villa Marina, Douglas, Isle of Man"]
[Date "2023.10.27"]
[Round "3.7"]
[White "Sindarov, Javokhir"]
[Black "Aronian, Levon"]
[Result "1-0"]
[WhiteElo "2658"]
[BlackElo "2742"]
[EventDate "2023.10.25"]
[ECO "C65"]
[PlyCount "109"]
[BlackFideId "13300474"]
[TimeControl "40/100 + 20/50 + 15 + 30s/move"]
[WhiteFideId "14205483"]

1.e4 e5 2.Nf3 Nc6 3.Bb5 Nf6 4.d3 Bc5 5.Ba4 a6 6.O-O b5 7.Bb3 d6 8.c3 h6 9.Re1 O-O 10.Nbd2 Bb6 11.Nf1 Ne7 12.a4 Rb8 13.Ng3 Ng6 14.a5 Ba7 15.h3 Re8 16.d4 Bb7 17.Bc2 d5 18.Nxe5 Nxe5 19.dxe5 Nxe4 20.Be3 Bxe3 21.Rxe3 Qg5 22.Nxe4 dxe4 23.Bxe4 Rxe5 24.Rg3 Qf6 25.Bxb7 Rxb7 26.Qd7 Rb8 27.Qxc7 Rd8 28.Rf3 Qe7 29.Qxe7 Rxe7 30.b4 Rd2 31.Kf1 g6 32.Re1 Rc7 33.Ree3 Kg7 34.g3 h5 35.h4 Rc2 36.Rd3 f5 37.Rfe3 Rc6 38.Rd7+ Kf6 39.Rh7 f4 40.Ree7 Kf5 41.Rhf7+ Rf6 42.gxf4 Rxc3 43.Re5+ Kxf4 44.Rxf6+ Kxe5 45.Rxa6 Rc4 46.Rxg6 Rxb4 47.Rg5+ Kf4 48.Rxh5 Rb2 49.Rc5 Kf3 50.Ke1 b4 51.h5 b3 52.Rc3+ Ke4 53.h6 Rb1+ 54.Kd2 b2 55.Rb3 1-0

[Event "FIDE Grand Swiss 2023"]
[Site "Villa Marina, Douglas, Isle of Man"]
[Date "2023.10.27"]
[Round "3.8"]
[White "Cheparinov, Ivan"]
[Black "Yu, Yangyi"]
[Result "1/2-1/2"]
[WhiteElo "2658"]
[BlackElo "2720"]
[EventDate "2023.10.25"]
[ECO "C42"]
[PlyCount "62"]
[BlackFideId "8603820"]
[TimeControl "40/100 + 20/50 + 15 + 30s/move"]
[WhiteFideId "2905540"]

1.e4 e5 2.Nf3 Nf6 3.Nxe5 d6 4.Nf3 Nxe4 5.d4 d5 6.Bd3 Nc6 7.O-O Be7 8.Nbd2 Nd6 9.c3 Bf5 10.Bc2 Bxc2 11.Qxc2 Bf6 12.Re1+ Ne7 13.h4 O-O 14.h5 Nef5 15.Nf1 Ne4 16.Bf4 c6 17.N1d2 Nfd6 18.Nxe4 Nxe4 19.Nd2 Nxd2 20.Qxd2 h6 21.Re2 Qd7 22.Be5 Bxe5 23.Rxe5 Rae8 24.Rae1 Rxe5 25.Rxe5 Re8 26.Qe3 Kf8 27.f3 Rxe5 28.Qxe5 Qe7 29.Qb8+ Qe8 30.Qxb7 Qe1+ 31.Kh2 Qh4+ 1/2-1/2

[Event "FIDE Grand Swiss 2023"]
[Site "Villa Marina, Douglas, Isle of Man"]
[Date "2023.10.27"]
[Round "3.9"]
[White "Shirov, Alexei"]
[Black "Abdusattorov, Nodirbek"]
[Result "1/2-1/2"]
[WhiteElo "2655"]
[BlackElo "2716"]
[EventDate "2023.10.25"]
[ECO "C02"]
[PlyCount "230"]
[BlackFideId "14204118"]
[TimeControl "40/100 + 20/50 + 15 + 30s/move"]
[WhiteFideId "2209390"]

1.e4 e6 2.d4 d5 3.e5 c5 4.c3 Nc6 5.Nf3 Bd7 6.Be2 Nge7 7.O-O Ng6 8.Na3 Be7 9.Nc2 O-O 10.Bd3 a5 11.Re1 a4 12.g3 c4 13.Bf1 f6 14.exf6 Bxf6 15.h4 Qe8 16.Bh3 Qf7 17.h5 Nge7 18.Bg4 Kh8 19.Bf4 Ng8 20.Bd6 Be7 21.Bxe7 Ngxe7 22.Qd2 Nf5 23.Qf4 Qg8 24.Qc7 Nh6 25.Qxd7 Nxg4 26.Ng5 Rxf2 27.Rf1 Raf8 28.Qxe6 Rxf1+ 29.Rxf1 Nf6 30.h6 gxh6 31.Rxf6 hxg5 32.Rxf8 Qxf8 33.Qxd5 h6 34.Ne3 a3 35.bxa3 Qxa3 36.Qxc4 Qb2 37.Qe6 Qxc3 38.Qxh6+ Kg8 39.Qe6+ Kf8 40.Qc8+ Kf7 41.Qxb7+ Kg6 42.Qb1+ Kg7 43.Nf5+ Kf6 44.Qf1 Ke6 45.g4 Kd7 46.Qe2 Nb4 47.Kg2 Qc6+ 48.Kf2 Nd5 49.Qe4 Qa8 50.a3 Qa5 51.Ne3 Qd2+ 52.Kf3 Nxe3 53.Qxe3 Qd1+ 54.Kg3 Qh1 55.Qxg5 Qg1+ 56.Kf3 Qxd4 57.Qe3 Qh8 58.g5 Kd6 59.Kg3 Qa1 60.Kg4 Qd1+ 61.Qf3 Qc2 62.Qf6+ Kc7 63.Qe7+ Kb6 64.Qd6+ Ka5 65.g6 Qc6 66.Qe5+ Ka4 67.Qf4+ Ka5 68.Qg5+ Ka4 69.g7 Qe6+ 70.Qf5 Qe2+ 71.Kg5 Qe7+ 72.Qf6 Qc5+ 73.Kh6 Qe3+ 74.Kh7 Qe4+ 75.Qg6 Qh4+ 76.Qh6 Qe4+ 77.Kh8 Qe5 78.Qh3 Qd4 79.Qg3 Qf6 80.Qg4+ Kxa3 81.Kh7 Qe7 82.Qf4 Qb7 83.Qg3+ Ka4 84.Qh4+ Ka3 85.Kh8 Qb2 86.Qe7+ Ka2 87.Kh7 Qc2+ 88.Kh6 Qc6+ 89.Kg5 Qd5+ 90.Kg6 Qd3+ 91.Kf6 Qf3+ 92.Ke6 Qb3+ 93.Kd7 Qb5+ 94.Kc7 Qc4+ 95.Kb8 Qb5+ 96.Qb7 Qe8+ 97.Qc8 Qe5+ 98.Qc7 Qe8+ 99.Ka7 Qe3+ 100.Ka6 Qe6+ 101.Qb6 Qe2+ 102.Ka7 Qe7+ 103.Qb7 Qe3+ 104.Kb8 Qe5+ 105.Kc8 Qe8+ 106.Kc7 Qe7+ 107.Kc6 Qe4+ 108.Kb6 Qe3+ 109.Kb5 Qb3+ 110.Kc6 Qe6+ 111.Kc5 Qe3+ 112.Kd6 Qh6+ 113.Ke5 Qg5+ 114.Kd4 Qd2+ 115.Kc5 Qe3+ 1/2-1/2

[Event "FIDE Grand Swiss 2023"]
[Site "Villa Marina, Douglas, Isle of Man"]
[Date "2023.10.27"]
[Round "3.10"]
[White "Narayanan.S.L"]
[Black "Vitiugov, Nikita"]
[Result "1/2-1/2"]
[WhiteElo "2651"]
[BlackElo "2711"]
[EventDate "2023.10.25"]
[ECO "D45"]
[PlyCount "60"]
[BlackFideId "4152956"]
[TimeControl "40/100 + 20/50 + 15 + 30s/move"]
[WhiteFideId "5058422"]

1.d4 Nf6 2.c4 e6 3.Nf3 d5 4.Nc3 c6 5.e3 Nbd7 6.Be2 Bd6 7.O-O O-O 8.a4 dxc4 9.Nd2 e5 10.Nxc4 Bc7 11.a5 Re8 12.d5 cxd5 13.Nxd5 Nxd5 14.Qxd5 Nf6 15.Qxd8 Rxd8 16.b3 Ne4 17.Bb2 Nd2 18.Rfd1 Nxb3 19.Rxd8+ Bxd8 20.Ra3 Nc5 21.Bxe5 Be6 22.f3 Be7 23.Bd6 Kf8 24.e4 Rc8 25.Bxe7+ Kxe7 26.Ne3 g6 27.Kf2 Rd8 28.Nc4 Rc8 29.Ne3 Rd8 30.Nc4 Rc8 1/2-1/2

[Event "FIDE Grand Swiss 2023"]
[Site "Villa Marina, Douglas, Isle of Man"]
[Date "2023.10.27"]
[Round "3.11"]
[White "Maghsoodloo, Parham"]
[Black "Korobov, Anton"]
[Result "1/2-1/2"]
[WhiteElo "2707"]
[BlackElo "2658"]
[EventDate "2023.10.25"]
[ECO "A36"]
[PlyCount "74"]
[BlackFideId "14105730"]
[TimeControl "40/100 + 20/50 + 15 + 30s/move"]
[WhiteFideId "12539929"]

1.c4 c5 2.Nc3 Nc6 3.g3 g6 4.Bg2 Bg7 5.a3 d6 6.Rb1 a5 7.d3 Nf6 8.e3 O-O 9.Nge2 Bd7 10.O-O Rb8 11.Nb5 Qc8 12.Nf4 Ne5 13.b3 g5 14.Ne2 g4 15.Bb2 Nf3+ 16.Kh1 Bxb5 17.cxb5 Qf5 18.e4 Qd7 19.Bxf6 Bxf6 20.Bxf3 gxf3 21.Nf4 Qxb5 22.Nd5 Qd7 23.Nxf6+ exf6 24.Re1 Rfe8 25.Re3 Re6 26.Qxf3 Rd8 27.Rc1 a4 28.Qd1 axb3 29.Qxb3 f5 30.exf5 Rxe3 31.fxe3 Qxf5 32.Kg2 Rd7 33.Rc4 Qh5 34.Re4 Qe2+ 35.Kg1 Qe1+ 36.Kg2 Qe2+ 37.Kg1 Qe1+ 1/2-1/2

[Event "FIDE Grand Swiss 2023"]
[Site "Villa Marina, Douglas, Isle of Man"]
[Date "2023.10.27"]
[Round "3.12"]
[White "Deac, Bogdan-Daniel"]
[Black "Melkumyan, Hrant"]
[Result "1/2-1/2"]
[WhiteElo "2701"]
[BlackElo "2650"]
[EventDate "2023.10.25"]
[ECO "C65"]
[PlyCount "160"]
[BlackFideId "13302485"]
[TimeControl "40/100 + 20/50 + 15 + 30s/move"]
[WhiteFideId "1226380"]

1.e4 e5 2.Nf3 Nc6 3.Bb5 Nf6 4.d3 Bc5 5.c3 O-O 6.O-O Re8 7.Bc4 d6 8.Re1 a6 9.a4 Ba7 10.h3 Be6 11.Bxe6 Rxe6 12.b4 d5 13.Qb3 dxe4 14.dxe4 Qd3 15.Be3 Nd4 16.Bxd4 exd4 17.Rd1 Qxe4 18.Ng5 Qe5 19.Nxe6 fxe6 20.Ra2 Nd5 21.cxd4 Bxd4 22.Qc4 Ba7 23.Re2 Qf5 24.Qg4 Qxg4 25.hxg4 Rf8 26.Rdd2 Rf4 27.Rxe6 c6 28.b5 Kf7 29.Re1 axb5 30.axb5 Rxg4 31.bxc6 bxc6 32.Nc3 Rf4 33.Nxd5 cxd5 34.Re5 Bd4 35.Rxd5 Bf6 36.g3 Rb4 37.Ra2 Kg6 38.Raa5 h6 39.Kg2 Rb2 40.Rf5 Rc2 41.Kh3 Rb2 42.f4 Rb3 43.Rfd5 Rc3 44.Kg4 Rc4 45.Rdb5 Rd4 46.Ra6 Rc4 47.Ra3 Rd4 48.Kf3 Rc4 49.g4 Rc1 50.Kg2 Rc4 51.Kg3 Rc1 52.Rf3 Ra1 53.Rb6 Ra4 54.Rc6 Rb4 55.Ra6 Rc4 56.Rb3 Rc1 57.Ra4 Rc2 58.Rf3 Rc1 59.Kg2 Rc2+ 60.Kh3 Rc1 61.Rg3 Rc5 62.Ra6 Rb5 63.Rg1 Rb3+ 64.Kh2 Rb2+ 65.Kg3 Rb3+ 66.Kf2 Rb2+ 67.Kf3 Rb3+ 68.Ke2 Rb2+ 69.Kd3 Rb3+ 70.Kc2 Rb2+ 71.Kc1 Rb5 72.Rc6 Ra5 73.Kc2 Ra2+ 74.Kb3 Rb2+ 75.Kc4 Rf2 76.f5+ Kg5 77.Kd5 Rd2+ 78.Ke4 Rd4+ 79.Kf3 Rf4+ 80.Ke2 Rxg4 1/2-1/2

[Event "FIDE Grand Swiss 2023"]
[Site "Villa Marina, Douglas, Isle of Man"]
[Date "2023.10.27"]
[Round "3.13"]
[White "Ter-Sahakyan, Samvel"]
[Black "Sevian, Samuel"]
[Result "0-1"]
[WhiteElo "2618"]
[BlackElo "2698"]
[EventDate "2023.10.25"]
[ECO "A62"]
[PlyCount "58"]
[BlackFideId "2040506"]
[TimeControl "40/100 + 20/50 + 15 + 30s/move"]
[WhiteFideId "13302531"]

1.d4 Nf6 2.c4 e6 3.g3 c5 4.d5 exd5 5.cxd5 d6 6.Nc3 g6 7.Nf3 Bg7 8.Bg2 O-O 9.O-O Re8 10.Re1 a6 11.a4 Nbd7 12.Nd2 Rb8 13.a5 b5 14.axb6 Nxb6 15.h3 Nfd7 16.Qc2 Ne5 17.b3 c4 18.bxc4 Nbxc4 19.Nxc4 Nxc4 20.Ra4 Nb6 21.Ra3 Bf5 22.e4 Qc8 23.Kh2 Bd7 24.Re2 Rb7 25.Na2 Bb5 26.Qxc8 Rxc8 27.Re1 Rc2 28.Nb4 Rxf2 29.Nc6 Nc4 0-1

[Event "FIDE Grand Swiss 2023"]
[Site "Villa Marina, Douglas, Isle of Man"]
[Date "2023.10.27"]
[Round "3.14"]
[White "Shankland, Sam"]
[Black "Najer, Evgeniy"]
[Result "1/2-1/2"]
[WhiteElo "2698"]
[BlackElo "2648"]
[EventDate "2023.10.25"]
[ECO "D02"]
[PlyCount "66"]
[BlackFideId "4118987"]
[TimeControl "40/100 + 20/50 + 15 + 30s/move"]
[WhiteFideId "2004887"]

1.d4 d5 2.Nf3 Nf6 3.Bf4 Bf5 4.e3 e6 5.Nbd2 Bd6 6.Ne5 Nbd7 7.Be2 h6 8.O-O Bxe5 9.dxe5 Ne4 10.Nxe4 Bxe4 11.f3 Bg6 12.c4 Nb6 13.c5 Nd7 14.Rc1 c6 15.b4 O-O 16.Qd4 Qe7 17.Rc3 Rfc8 18.Rfc1 a5 19.b5 cxb5 20.Bxb5 Nb8 21.Qa4 Nc6 22.a3 Rc7 23.Bg3 Qd8 24.Bh4 Qf8 25.Bxc6 Rxc6 26.Qb5 Qc8 27.Be7 Qd7 28.Bh4 Rac8 29.Qxa5 d4 30.exd4 Qxd4+ 31.Bf2 Qxe5 32.Qb4 Qc7 33.Rb3 b6 1/2-1/2

[Event "FIDE Grand Swiss 2023"]
[Site "Villa Marina, Douglas, Isle of Man"]
[Date "2023.10.27"]
[Round "3.15"]
[White "Martirosyan, Haik M."]
[Black "Tari, Aryan"]
[Result "1/2-1/2"]
[WhiteElo "2696"]
[BlackElo "2619"]
[EventDate "2023.10.25"]
[ECO "D41"]
[PlyCount "90"]
[BlackFideId "1510045"]
[TimeControl "40/100 + 20/50 + 15 + 30s/move"]
[WhiteFideId "13306553"]

1.d4 Nf6 2.c4 e6 3.Nf3 d5 4.Nc3 c5 5.cxd5 cxd4 6.Qxd4 exd5 7.e4 dxe4 8.Qxd8+ Kxd8 9.Ng5 Be6 10.Nxe6+ fxe6 11.Bg5 Nc6 12.Bb5 Bb4 13.O-O-O+ Kc7 14.Bxf6 gxf6 15.Nxe4 Rhg8 16.a3 Be7 17.Bc4 f5 18.Nc3 Rae8 19.g3 Bc5 20.Rhe1 Rg6 21.f4 a6 22.b4 Bd4 23.Rd3 h5 24.Re2 Kb8 25.Bd5 Ba7 26.Bxc6 bxc6 27.Na4 h4 28.Kc2 hxg3 29.hxg3 Reg8 30.Nb2 Kc7 31.Nc4 Rxg3 32.Rxe6 Rxd3 33.Kxd3 Rg3+ 34.Kd2 Bd4 35.Re7+ Kd8 36.Re6 c5 37.bxc5 Bxc5 38.Rxa6 Rf3 39.Ra5 Bxa3 40.Rxf5 Bc1+ 41.Kxc1 Rc3+ 42.Kd2 Rxc4 43.Ke3 Ke7 44.Kf3 Rc1 45.Ra5 Kf6 1/2-1/2

[Event "FIDE Grand Swiss 2023"]
[Site "Villa Marina, Douglas, Isle of Man"]
[Date "2023.10.27"]
[Round "3.16"]
[White "Grandelius, Nils"]
[Black "Huschenbeth, Niclas"]
[Result "1/2-1/2"]
[WhiteElo "2689"]
[BlackElo "2605"]
[EventDate "2023.10.25"]
[ECO "C83"]
[PlyCount "60"]
[BlackFideId "24604747"]
[TimeControl "40/100 + 20/50 + 15 + 30s/move"]
[WhiteFideId "1710400"]

1.e4 e5 2.Nf3 Nc6 3.Bb5 a6 4.Ba4 Nf6 5.O-O Nxe4 6.d4 Be7 7.Re1 b5 8.Bb3 d5 9.dxe5 Be6 10.c3 O-O 11.Nbd2 Nc5 12.Nd4 Nxd4 13.cxd4 Nd3 14.Re3 Nxc1 15.Rxc1 a5 16.Rec3 g6 17.Nf3 a4 18.Bc2 a3 19.b3 b4 20.Rc6 Bd7 21.Bd3 Bxc6 22.Rxc6 Kg7 23.g3 Rb8 24.Qc2 Rb7 25.Kg2 Qb8 26.h4 Rb6 27.Rxc7 Rb7 28.Rc6 Rb6 29.Rc7 Rb7 30.Rc6 Rb6 1/2-1/2

[Event "FIDE Grand Swiss 2023"]
[Site "Villa Marina, Douglas, Isle of Man"]
[Date "2023.10.27"]
[Round "3.17"]
[White "Sargissian, Gabriel"]
[Black "Maurizzi, Marc`andria"]
[Result "0-1"]
[WhiteElo "2686"]
[BlackElo "2555"]
[EventDate "2023.10.25"]
[ECO "D37"]
[PlyCount "62"]
[BlackFideId "36083534"]
[TimeControl "40/100 + 20/50 + 15 + 30s/move"]
[WhiteFideId "13300881"]

1.d4 Nf6 2.c4 e6 3.Nf3 d5 4.Nc3 Be7 5.Bf4 O-O 6.e3 Nbd7 7.c5 Ne4 8.h4 f6 9.Qc2 Nxc3 10.bxc3 e5 11.Bg3 e4 12.Ng1 b6 13.cxb6 Nxb6 14.Nh3 a5 15.Nf4 Qd7 16.f3 f5 17.c4 c5 18.Rb1 Qd8 19.cxd5 cxd4 20.exd4 Bb4+ 21.Rxb4 axb4 22.d6 Qxd6 23.Qc5 Qd8 24.Qxb4 Rf7 25.Bb5 exf3 26.O-O Bd7 27.d5 Nxd5 28.Nxd5 Bxb5 29.Rd1 Bc6 30.Qc4 Bxd5 31.Rxd5 Qb6+ 0-1

[Event "FIDE Grand Swiss 2023"]
[Site "Villa Marina, Douglas, Isle of Man"]
[Date "2023.10.27"]
[Round "3.18"]
[White "Aravindh, Chithambaram Vr."]
[Black "Tabatabaei, M. Amin"]
[Result "1/2-1/2"]
[WhiteElo "2649"]
[BlackElo "2685"]
[EventDate "2023.10.25"]
[ECO "C59"]
[PlyCount "61"]
[BlackFideId "12521213"]
[TimeControl "40/100 + 20/50 + 15 + 30s/move"]
[WhiteFideId "5072786"]

1.e4 e5 2.Nf3 Nc6 3.Bc4 Nf6 4.Ng5 d5 5.exd5 Na5 6.Bb5+ c6 7.dxc6 bxc6 8.Be2 h6 9.Nf3 e4 10.Ne5 Bd6 11.d4 exd3 12.Nxd3 O-O 13.O-O Qc7 14.g3 Bh3 15.Re1 Rad8 16.Nd2 c5 17.b3 c4 18.bxc4 Nxc4 19.Nxc4 Qxc4 20.Bf3 Bb4 21.Bd2 Bxd2 22.Qxd2 Bf5 23.Qa5 Qxc2 24.Qxf5 Qxd3 25.Qxd3 Rxd3 26.Kg2 Rc8 27.Rac1 Rxc1 28.Rxc1 g5 29.Rc6 Kg7 30.Ra6 Rd7 31.Ra5 1/2-1/2

[Event "FIDE Grand Swiss 2023"]
[Site "Villa Marina, Douglas, Isle of Man"]
[Date "2023.10.27"]
[Round "3.19"]
[White "Kuybokarov, Temur"]
[Black "Abasov, Nijat"]
[Result "1/2-1/2"]
[WhiteElo "2584"]
[BlackElo "2679"]
[EventDate "2023.10.25"]
[ECO "B76"]
[PlyCount "158"]
[BlackFideId "13402960"]
[TimeControl "40/100 + 20/50 + 15 + 30s/move"]
[WhiteFideId "14203049"]

1.e4 c5 2.Nf3 d6 3.d4 cxd4 4.Nxd4 Nf6 5.Nc3 g6 6.Be3 Bg7 7.f3 O-O 8.Qd2 Nc6 9.O-O-O d5 10.exd5 Nxd5 11.Nxc6 bxc6 12.Bd4 e5 13.Bc5 Be6 14.Ne4 Re8 15.Bc4 a5 16.a4 Qc7 17.g4 Nf4 18.Bd6 Qb6 19.Bc5 Qc7 20.Bd6 Qb6 21.Bxe6 Nxe6 22.Qc3 c5 23.Kb1 Nd4 24.Bxc5 Qa6 25.h4 Rec8 26.h5 Rab8 27.hxg6 hxg6 28.g5 Qb7 29.b3 Qd7 30.f4 Nxb3 31.cxb3 Qxa4 32.b4 exf4 33.Rd4 Rxc5 34.Nxc5 Qc6 35.Rhd1 Bxd4 36.Rxd4 f3 37.Qe3 axb4 38.Rh4 Qd5 39.Ne4 f2 40.Nf6+ Kg7 41.Rh7+ Kf8 42.Nd7+ Kg8 43.Rh8+ Kg7 44.Rh7+ Kg8 45.Nf6+ Kf8 46.Nxd5 f1=Q+ 47.Qc1 Qf5+ 48.Qc2 Qxc2+ 49.Kxc2 Rb5 50.Rh8+ Kg7 51.Rd8 b3+ 52.Kb2 Rc5 53.Kxb3 Rc1 54.Re8 Rg1 55.Re5 Rg4 56.Nf6 Rg1 57.Kc4 Rc1+ 58.Kd5 Rd1+ 59.Kc6 Rc1+ 60.Kd7 Rd1+ 61.Ke7 Ra1 62.Ne8+ Kg8 63.Nd6 Rf1 64.Re3 Kg7 65.Re5 Kg8 66.Kd7 Rg1 67.Ke8 Rf1 68.Ne4 Ra1 69.Nf6+ Kg7 70.Nd7 Ra8+ 71.Ke7 Ra1 72.Re3 Rg1 73.Re5 Ra1 74.Nc5 Ra7+ 75.Kd6 f6 76.Ne6+ Kf7 77.Nd8+ Kg7 78.Re8 fxg5 79.Ne6+ Kf6 1/2-1/2

[Event "FIDE Grand Swiss 2023"]
[Site "Villa Marina, Douglas, Isle of Man"]
[Date "2023.10.27"]
[Round "3.20"]
[White "Nakamura, Hikaru"]
[Black "Aryan, Chopra"]
[Result "1-0"]
[WhiteElo "2780"]
[BlackElo "2634"]
[EventDate "2023.10.25"]
[ECO "D45"]
[PlyCount "97"]
[BlackFideId "5084423"]
[TimeControl "40/100 + 20/50 + 15 + 30s/move"]
[WhiteFideId "2016192"]

1.d4 d5 2.c4 c6 3.Nf3 Nf6 4.Nc3 e6 5.e3 Nbd7 6.Be2 Bd6 7.O-O O-O 8.b3 b6 9.Bb2 Bb7 10.Bd3 Qe7 11.Rc1 Rac8 12.Re1 Bb4 13.Nd2 e5 14.Bf5 exd4 15.exd4 Qd8 16.c5 g6 17.Bh3 Nh5 18.g3 bxc5 19.dxc5 Bxc5 20.Na4 Be7 21.Bxd7 Qxd7 22.Ne4 f6 23.Nec5 Bxc5 24.Nxc5 Qf7 25.Qd4 Ng7 26.Qa4 Ba8 27.Re2 Rfe8 28.Rce1 Rxe2 29.Rxe2 Re8 30.Rxe8+ Nxe8 31.Qf4 Qe7 32.b4 Bb7 33.h3 Bc8 34.Kg2 Bf5 35.Bd4 Nd6 36.g4 g5 37.Qf3 Be4 38.Nxe4 Nxe4 39.Qa3 a6 40.f3 Nd2 41.Qxa6 Qxb4 42.Qd3 Nc4 43.Bxf6 Qb6 44.a4 Qa7 45.Bxg5 Qxa4 46.Qe2 Qa7 47.Qe8+ Kg7 48.Qe6 h5 49.gxh5 1-0

[Event "FIDE Grand Swiss 2023"]
[Site "Villa Marina, Douglas, Isle of Man"]
[Date "2023.10.27"]
[Round "3.21"]
[White "Pichot, Alan"]
[Black "Gukesh, D"]
[Result "1/2-1/2"]
[WhiteElo "2650"]
[BlackElo "2758"]
[EventDate "2023.10.25"]
[ECO "B33"]
[PlyCount "72"]
[BlackFideId "46616543"]
[TimeControl "40/100 + 20/50 + 15 + 30s/move"]
[WhiteFideId "110973"]

1.e4 c5 2.Nf3 Nc6 3.d4 cxd4 4.Nxd4 Nf6 5.Nc3 e5 6.Ndb5 d6 7.Nd5 Nxd5 8.exd5 Nb8 9.c4 a6 10.Qa4 Nd7 11.c5 dxc5 12.d6 axb5 13.Qxa8 Bxd6 14.Bxb5 O-O 15.O-O e4 16.Qa4 Nf6 17.Be2 Qe7 18.Rd1 Bb8 19.Be3 Ng4 20.Bxg4 Bxg4 21.Rd5 b6 22.h3 Be6 23.Qxe4 f5 24.Qf3 f4 25.Bd2 Bxd5 26.Qxd5+ Qf7 27.Qxf7+ Kxf7 28.Bc3 Rd8 29.a4 g6 30.Kf1 Bc7 31.Re1 h5 32.Re4 g5 33.Ke2 Rd5 34.b3 Rd7 35.b4 cxb4 36.Rxb4 Rd5 1/2-1/2

[Event "FIDE Grand Swiss 2023"]
[Site "Villa Marina, Douglas, Isle of Man"]
[Date "2023.10.27"]
[Round "3.22"]
[White "Praggnanandhaa, R"]
[Black "Sadhwani, Raunak"]
[Result "1/2-1/2"]
[WhiteElo "2738"]
[BlackElo "2641"]
[EventDate "2023.10.25"]
[ECO "E11"]
[PlyCount "80"]
[BlackFideId "35093487"]
[TimeControl "40/100 + 20/50 + 15 + 30s/move"]
[WhiteFideId "25059530"]

1.d4 Nf6 2.c4 e6 3.Nf3 d5 4.g3 Bb4+ 5.Bd2 Be7 6.Bg2 O-O 7.O-O c6 8.b3 dxc4 9.bxc4 c5 10.Bc3 Nc6 11.e3 Qc7 12.Nbd2 b6 13.dxc5 Bxc5 14.Bxf6 gxf6 15.Nd4 Bb7 16.Ne4 f5 17.Nxc5 bxc5 18.Nb5 Qe7 19.Qd6 Rab8 20.Qf4 Na5 21.Bxb7 Rxb7 22.e4 fxe4 23.Qxe4 a6 24.Nc3 Qf6 25.Rac1 Rb4 26.Ne2 Rb2 27.Rc2 Rxc2 28.Qxc2 Nc6 29.Qe4 Nd4 30.Nxd4 Qxd4 31.Qe2 Rd8 32.Rb1 Qd3 33.Qxd3 Rxd3 34.Rb8+ Kg7 35.Rc8 Ra3 36.Rxc5 Rxa2 37.Rc7 a5 38.c5 a4 39.Ra7 Rc2 40.Rxa4 Rxc5 1/2-1/2

[Event "FIDE Grand Swiss 2023"]
[Site "Villa Marina, Douglas, Isle of Man"]
[Date "2023.10.27"]
[Round "3.23"]
[White "Ponomariov, Ruslan"]
[Black "Vachier-Lagrave, Maxime"]
[Result "1/2-1/2"]
[WhiteElo "2641"]
[BlackElo "2727"]
[EventDate "2023.10.25"]
[ECO "D27"]
[PlyCount "61"]
[BlackFideId "623539"]
[TimeControl "40/100 + 20/50 + 15 + 30s/move"]
[WhiteFideId "14103320"]

1.Nf3 d5 2.d4 Nf6 3.c4 dxc4 4.e3 e6 5.Bxc4 c5 6.O-O a6 7.Re1 Be7 8.e4 b5 9.Bf1 Bb7 10.e5 Nd5 11.a4 Qb6 12.Bg5 Nd7 13.Bxe7 Kxe7 14.Nbd2 cxd4 15.Nb3 Rhd8 16.axb5 axb5 17.Rxa8 Bxa8 18.Nfxd4 b4 19.Qc2 g6 20.Qc1 Kf8 21.h4 Ne7 22.Qh6+ Kg8 23.Qg5 Re8 24.Bb5 Bc6 25.Bxc6 Nxc6 26.Nf3 Kg7 27.Qf4 Ne7 28.h5 gxh5 29.Qg5+ Ng6 30.Qxh5 Rc8 31.Nbd4 1/2-1/2

[Event "FIDE Grand Swiss 2023"]
[Site "Villa Marina, Douglas, Isle of Man"]
[Date "2023.10.27"]
[Round "3.24"]
[White "Duda, Jan-Krzysztof"]
[Black "Murzin, Volodar"]
[Result "1-0"]
[WhiteElo "2726"]
[BlackElo "2633"]
[EventDate "2023.10.25"]
[ECO "D35"]
[PlyCount "133"]
[BlackFideId "44155573"]
[TimeControl "40/100 + 20/50 + 15 + 30s/move"]
[WhiteFideId "1170546"]

1.c4 e6 2.Nc3 d5 3.d4 Nf6 4.cxd5 exd5 5.Bg5 c6 6.e3 h6 7.Bh4 Be7 8.Bd3 O-O 9.Bg3 Re8 10.Nf3 Nh5 11.Be5 Nd7 12.h3 Nhf6 13.Bh2 Bb4 14.Qc2 Qe7 15.O-O Bd6 16.Bxd6 Qxd6 17.Rab1 a6 18.b4 Nf8 19.Na4 Qe7 20.Nc5 N8d7 21.a4 Ne4 22.Nxd7 Bxd7 23.Bxe4 dxe4 24.Ne5 Bf5 25.f4 f6 26.Nc4 Be6 27.Nb6 Rad8 28.f5 Bf7 29.Qc5 Rd6 30.Rf4 Qd8 31.Rb2 Kh8 32.Rbf2 Bb3 33.Rg4 Bd1 34.Rh4 Bb3 35.a5 Bf7 36.Rff4 Bd5 37.Rf2 Bf7 38.Rhf4 Bb3 39.Rb2 Bf7 40.Kf1 Qb8 41.Ke1 Qc7 42.Rd2 Bh5 43.g4 Bf7 44.Kd1 Rdd8 45.Kc1 Qb8 46.h4 Qc7 47.Rg2 Kh7 48.Kb2 Kh8 49.Rf1 Rg8 50.Ka3 Rge8 51.Rc1 Kh7 52.Na4 Rd7 53.Nc3 Kh8 54.g5 Qd8 55.gxh6 gxh6 56.h5 Rg8 57.Rg6 Bxg6 58.hxg6 Re8 59.Qc4 Ree7 60.Rh1 Kg7 61.Qf1 c5 62.Qf4 cxb4+ 63.Kxb4 Qh8 64.Ne2 h5 65.Ng3 Qf8 66.Nxh5+ Kg8 67.Nxf6+ 1-0

[Event "FIDE Grand Swiss 2023"]
[Site "Villa Marina, Douglas, Isle of Man"]
[Date "2023.10.27"]
[Round "3.25"]
[White "Keymer, Vincent"]
[Black "Idani, Pouya"]
[Result "1-0"]
[WhiteElo "2717"]
[BlackElo "2633"]
[EventDate "2023.10.25"]
[ECO "D32"]
[PlyCount "75"]
[BlackFideId "12510130"]
[TimeControl "40/100 + 20/50 + 15 + 30s/move"]
[WhiteFideId "12940690"]

1.c4 e6 2.Nc3 d5 3.d4 c5 4.cxd5 exd5 5.Nf3 Nf6 6.e3 a6 7.Bd3 Nc6 8.O-O Bg4 9.h3 Bh5 10.Be2 c4 11.Ne5 Bxe2 12.Qxe2 Bb4 13.Nxc6 bxc6 14.Bd2 O-O 15.b3 cxb3 16.axb3 Bxc3 17.Bxc3 Qb6 18.Qc2 Rfc8 19.Rfc1 Ne4 20.Be1 h6 21.Ra5 Rab8 22.b4 Ra8 23.Qa4 Nd6 24.Ra1 Nb5 25.Rxa6 Rxa6 26.Qxa6 Qc7 27.Qa2 Qd7 28.Qc2 Re8 29.Ra6 Nxd4 30.Qc5 Qc8 31.b5 Re4 32.Kf1 Qb8 33.b6 Qh2 34.Ra8+ Kh7 35.Qxd4 Qh1+ 36.Ke2 Rxd4 37.exd4 Qxg2 38.Re8 1-0

[Event "FIDE Grand Swiss 2023"]
[Site "Villa Marina, Douglas, Isle of Man"]
[Date "2023.10.27"]
[Round "3.26"]
[White "Kollars, Dmitrij"]
[Black "Vidit, Santosh Gujrathi"]
[Result "0-1"]
[WhiteElo "2633"]
[BlackElo "2716"]
[EventDate "2023.10.25"]
[ECO "B22"]
[PlyCount "112"]
[BlackFideId "5029465"]
[TimeControl "40/100 + 20/50 + 15 + 30s/move"]
[WhiteFideId "12909572"]

1.e4 c5 2.c3 d5 3.exd5 Qxd5 4.d4 g6 5.Nf3 Bg7 6.Nbd2 cxd4 7.Bc4 Qc5 8.cxd4 Qc7 9.O-O Nf6 10.Ne5 O-O 11.Ndf3 Nc6 12.Nxc6 bxc6 13.Re1 Bg4 14.h3 Bxf3 15.Qxf3 Rad8 16.Bf4 Qb7 17.Be5 Nd5 18.b3 e6 19.Rac1 Ne7 20.Bd3 Qb4 21.Re2 Bxe5 22.Rc4 Qb6 23.dxe5 Rd4 24.Re4 Rfd8 25.Rcxd4 Rxd4 26.g3 Qd8 27.Re3 Nd5 28.Re4 Nc3 29.Rxd4 Qxd4 30.Bf1 c5 31.a4 Nd5 32.Qe2 Nb4 33.Qf3 Nd5 34.Qe2 Nc3 35.Qf3 h5 36.h4 Nd5 37.Qe2 Ne7 38.Qf3 Nf5 39.Bd3 Nh6 40.Qe4 Qc3 41.Be2 Qxb3 42.Qa8+ Kg7 43.Qxa7 c4 44.Qd4 c3 45.Qd3 Qb2 46.Bd1 Ng4 47.Bc2 Qb6 48.Qe2 Qc5 49.Kg2 Nxe5 50.Qb5 Qd4 51.a5 Ng4 52.Qb6 Qd2 53.Be4 c2 54.Bxc2 Qxc2 55.a6 Nxf2 56.Qd4+ e5 0-1

[Event "FIDE Grand Swiss 2023"]
[Site "Villa Marina, Douglas, Isle of Man"]
[Date "2023.10.27"]
[Round "3.27"]
[White "Svane, Frederik"]
[Black "Artemiev, Vladislav"]
[Result "0-1"]
[WhiteElo "2626"]
[BlackElo "2697"]
[EventDate "2023.10.25"]
[ECO "B90"]
[PlyCount "104"]
[BlackFideId "24101605"]
[TimeControl "40/100 + 20/50 + 15 + 30s/move"]
[WhiteFideId "12923044"]

1.e4 c5 2.Nf3 d6 3.d4 cxd4 4.Nxd4 Nf6 5.Nc3 a6 6.Bd3 Bd7 7.f4 Nc6 8.Nxc6 Bxc6 9.e5 Nd5 10.e6 fxe6 11.Nxd5 Bxd5 12.Qe2 g6 13.c4 Bc6 14.Qxe6 Qb6 15.Be4 Bg7 16.Rb1 Bxe4 17.Qxe4 Rc8 18.Bd2 O-O 19.b3 e5 20.Be3 Qa5+ 21.Bd2 Qxa2 22.Qd5+ Kh8 23.O-O exf4 24.Qd3 Be5 25.Rf2 Qa3 26.Rbf1 Qc5 27.Kh1 Qd4 28.Qxd4 Bxd4 29.Rxf4 Rxf4 30.Rxf4 Bg7 31.Re4 Be5 32.g4 Kg7 33.Kg2 Kf6 34.g5+ Ke6 35.Rh4 d5 36.cxd5+ Kxd5 37.Kf3 Rc7 38.Ke2 Ke6 39.Kd3 Kf5 40.h3 b5 41.b4 Re7 42.Be3 Rd7+ 43.Ke2 Bc3 44.Rf4+ Ke5 45.h4 Bd2 46.Rf6 Bxe3 47.Kxe3 Rd4 48.h5 gxh5 49.Rxa6 Rxb4 50.Rh6 h4 51.Rxh7 Kf5 52.Rg7 h3 0-1

[Event "FIDE Grand Swiss 2023"]
[Site "Villa Marina, Douglas, Isle of Man"]
[Date "2023.10.27"]
[Round "3.28"]
[White "Durarbayli, Vasif"]
[Black "Nihal, Sarin"]
[Result "1/2-1/2"]
[WhiteElo "2625"]
[BlackElo "2694"]
[EventDate "2023.10.25"]
[ECO "C67"]
[PlyCount "60"]
[BlackFideId "25092340"]
[TimeControl "40/100 + 20/50 + 15 + 30s/move"]
[WhiteFideId "13402935"]

1.e4 e5 2.Nf3 Nc6 3.Bb5 Nf6 4.O-O Nxe4 5.Re1 Nd6 6.Nxe5 Be7 7.Bf1 Nxe5 8.Rxe5 O-O 9.Nc3 Ne8 10.Nd5 Bd6 11.Re1 c6 12.Ne3 Be7 13.d4 d5 14.c4 dxc4 15.Bxc4 Nc7 16.d5 Bb4 17.Bd2 Bxd2 18.Qxd2 cxd5 19.Nxd5 Be6 20.Rad1 Nxd5 21.Bxd5 Qxd5 22.Qxd5 Bxd5 23.Rxd5 Rfd8 24.Red1 Rxd5 25.Rxd5 Kf8 26.Rd7 Re8 27.Kf1 Re7 28.Rd8+ Re8 29.Rd7 Re7 30.Rd8+ Re8 1/2-1/2